 Dungeon Crawl Stone Soup version 0.25.0-9-g26727b657a (webtiles) character file.

Game seed: 15332658084998891464

100 xccam the Insei (level 4, -2/36 HPs)
             Began as a Demonspawn Monk on June 21, 2020.
             Slain by an adder (3 damage)
             ... on level 2 of the Dungeon.
             The game lasted 00:03:02 (2276 turns).

xccam the Insei (Demonspawn Monk)                   Turns: 2276, Time: 00:03:03

Health: -2/36      AC:  6    Str: 12    XL:     4   Next: 46%
Magic:  4/4        EV: 11    Int: 18    God:
Gold:   48         SH:  0    Dex: 17    Spells: 3/3 levels left

rFire    . . .     SeeInvis .     - Unarmed
rCold    . . .     Gourm    .   (no shield)
rNeg     . . .     Faith    .   p - +0 ring mail
rPois    .         Spirit   .   (no helmet)
rElec    .         Reflect  .   (no cloak)
rCorr    .         Harm     .   (no gloves)
MR       .....                  (no boots)
Stlth    +.........             f - amulet of magic regeneration
HPRegen  0.12/turn              d - +6 ring of intelligence
MPRegen  0.34/turn              (no ring)

@: brilliant, lethally poisoned (-2 -> -12), stab
A: rugged brown scales 1, agile 1, demonic guardian 1, MP-powered wands
a: no special abilities


You were on level 2 of the Dungeon.
You were hungry.

You visited 1 branch of the dungeon, and saw 3 of its levels.

You collected 48 gold pieces.

Inventory:

Armour
 a - a +0 robe
 p - a +0 ring mail (worn)
Jewellery
 d - a +6 ring of intelligence (left hand)
 f - an amulet of magic regeneration (around neck)
Scrolls
 h - a scroll of teleportation {unknown}
 i - a scroll of blinking {unknown}
 j - a scroll of fog {unknown}
 l - a scroll of identify {unknown}
 n - a scroll of remove curse {unknown}
 q - 3 scrolls of enchant weapon {unknown}
Potions
 k - a potion of might
Comestibles
 b - 4 rations
 c - a chunk of flesh


   Skills:
 - Level 3.0 Fighting
 - Level 2.6 Dodging
 - Level 1.7 Stealth
 + Level 4.8 Unarmed Combat


You had 3 spell levels left.
You didn't know any spells.
Your spell library contained the following spells:

 Spells                   Type           Power        Failure   Level  Hunger
 Corona                   Hex            #......      45%         1    None
 Ensorcelled Hibernation  Hex/Ice        #.....       58%         2    None
 Confusing Touch          Hex            #.......     83%         3    None
 Dazzling Flash           Conj/Hex       #.....       83%         3    None
 Tukima's Dance           Hex            #.......     83%         3    None


Dungeon Overview and Level Annotations

Branches:
Dungeon (3/15)

Altars:
Ashenzari


Innate Abilities, Weirdness & Mutations

You are partially covered in rugged brown scales. (AC +1, +3% HP)
A weak demonic guardian rushes to your aid.
You are agile. (Dex +2)
You expend magic power (3 MP) to strengthen your wands.


Message History

* * * LOW HITPOINT WARNING * * *
You feel sick. The adder bites you.
* * * LOW HITPOINT WARNING * * *
The orc barely misses you. The rat bites you but does no damage.
It was a potion of mutation.
You feel extremely strange.
You feel agile.
Your connection to magic feels subdued.
Your magic regains its normal vibrancy.
You feel your magical essence link to the dungeon's wands.
* * * LOW HITPOINT WARNING * * *
You feel sick. The adder closely misses you. The orc barely misses you.
The rat misses you. The adder bites you but does no damage.
It was a potion of brilliance.
You feel clever all of a sudden.
* * * LOW HITPOINT WARNING * * *
You feel sick. The orc barely misses you. The rat barely misses you.
The adder barely misses you.
It was a potion of stabbing.
You feel ready to backstab. The adder bites you.
You die...

...###.#..........#
...# #.#..........#
#### #.#<.........#
#.#......รท...#
#.#..........#
#.######....##
#........#.h#
##########rS# #o@#
####


You could see an adder, an orc, a jackal and a rat.

Vanquished Creatures
  A hound (D:2)
  An adder (D:2)
  An ooze (D:2)
  A worm (D:2)
  4 dart slugs
  7 orcs
  3 bats
  A giant cockroach (D:1)
  2 hobgoblins (D:2)
  3 jackals (D:2)
  A quokka (D:2)
  2 frilled lizards
  5 goblins
  5 kobolds
  5 rats
42 creatures vanquished.

Vanquished Creatures (collateral kills)
  A goblin (D:2)
  A kobold (D:2)
2 creatures vanquished.

Grand Total: 44 creatures vanquished

Notes
Turn   | Place    | Note
-------+----------+-------------------------------------------
     0 | D:1      | xccam the Demonspawn Monk began the quest for the Orb.
     0 | D:1      | Reached XP level 1. HP: 18/18 MP: 1/1
    99 | D:1      | Reached skill level 3 in Unarmed Combat
   277 | D:1      | Gained mutation: You are partially covered in rugged brown
                  | scales. (AC +1, +3% HP) [demonic ancestry]
   277 | D:1      | Reached XP level 2. HP: 17/24 MP: 2/2
  1274 | D:2      | Gained mutation: A weak demonic guardian rushes to your
                  | aid. [demonic ancestry]
  1274 | D:2      | Reached XP level 3. HP: 29/29 MP: 3/3
  1285 | D:2      | Reached skill level 4 in Unarmed Combat
  1500 | D:2      | Reached XP level 4. HP: 36/36 MP: 4/4
  2165 | D:3      | Found a shattered altar of Ashenzari.
  2274 | D:2      | Gained mutation: You are agile. (Dex +2) [potion of
                  | mutation]
  2274 | D:2      | Gained mutation: Your spells are a little easier to cast,
                  | but a little less powerful. [potion of mutation]
  2274 | D:2      | Lost mutation: Your spells are a little easier to cast, but
                  | a little less powerful. [potion of mutation]
  2274 | D:2      | Gained mutation: You expend magic power (3 MP) to
                  | strengthen your wands. [potion of mutation]
  2275 | D:2      | HP: 1/36 [poisoned by an adder]
  2276 | D:2      | Slain by an adder

Illustrated notes

Levels and vault maps discovered:
D:1:      lightli_iron_boxes, layout_basic
D:2:      layout_basic, first_ration
D:3:      layout_rooms, cheibrodos_ashenzari_chains, uniq_terence, uniq_natasha,
          uniq_crazy_yiuf_cottage

Skill      XL: |  1  2  3 |
---------------+----------+-----
Unarmed Combat | 3 4 |  4.8
Fighting       | |  3.0
Dodging        | |  2.6
Stealth        | |  1.7

Action                   |  1- 3 |  4- 6 || total
-------------------------+-------+-------++-------
Melee: Unarmed           |   118 |    89 ||   207
       Punch             |     5 |     2 ||     7
  Use: Potion            |     2 |     5 ||     7
 Stab: Sleeping          |     6 |       ||     6
  Eat: Chunk             |     2 |     2 ||     4
Armor: Robe              |    13 |       ||    13
       Ring mail         |     5 |    46 ||    51
       Skin              |     3 |     1 ||     4
Dodge: Dodged            |    59 |    62 ||   121
